 Dungeon Crawl Stone Soup version 0.13-a0-2606-g170388b (webtiles) character file.

1518 BorisCarlOrff the Firebug (level 8, -3/58 HPs)
             Began as a Lava Orc Fire Elementalist on Aug 4, 2013.
             Slain by a phantom (5 damage)
             ... on Level 6 of the Dungeon.
             The game lasted 00:32:54 (5099 turns).

BorisCarlOrff the Firebug (LOFE)                    Turns: 5099, Time: 00:32:54

HP  -3/58        AC  4     Str 13      XL: 8   Next: 32%
MP   2/17        EV 12     Int 15      God:
Gold 207         SH  0     Dex 11      Spells:  3 memorised,  7 levels left

Res.Fire  : + + +   See Invis. : .   f - +2,+1 elf dagger
Res.Cold  : x . .   Warding    : .   e - +0 leather armour
Life Prot.: + . .   Conserve   : .   (no shield)
Res.Poison: .       Res.Corr.  : .   (no helmet)
Res.Elec. : .       Clarity    : .   g - +0 cloak
Sust.Abil.: . .     Spirit.Shd : .   (no gloves)
Res.Mut.  : .       Stasis     : .   (no boots)
Res.Rott. : .       Flight     : .   (no amulet)
Saprovore : + . .                    (no ring)
                                     n - ring of positive energy

@: very slightly contaminated, slightly resistant to hostile enchantments,
unstealthy
A: conserve scrolls, saprovore 1
a: no special abilities


You were on level 6 of the Dungeon.
You were near starving.

You visited 1 branch of the dungeon, and saw 7 of its levels.

You collected 187 gold pieces.

Inventory:

Hand weapons
 f - a +2,+1 elven dagger (weapon)
Armour
 e - a +0 leather armour (worn)
 g - a +0 cloak (worn)
Scrolls
 a - a scroll of remove curse
 d - a scroll of amnesia
 i - 2 scrolls of fog
 k - a scroll of teleportation {unknown}
 p - a scroll of blinking
 q - 2 scrolls of immolation {unknown}
Jewellery
 c - the cursed amulet "Tucaway" {Faith Str+2 Dex-3}
   (You found it on level 4 of the Dungeon)

   [amulet of faith]

   It affects your strength (+2).
   It affects your dexterity (-3).
   It has a curse placed upon it.
 n - a ring of positive energy (left hand)
Potions
 j - a potion of restore abilities {unknown}
 l - a potion of beneficial mutation {unknown}
Books
 b - a book of Flames

   Spells                             Type                      Level
   *Flame Tongue                      Conjuration/Fire             1
   *Throw Flame                       Conjuration/Fire             2
   Conjure Flame                      Conjuration/Fire             3
   Inner Flame                        Hexes/Fire                   3
   *Sticky Flame                      Conjuration/Fire             4
   Fireball                           Conjuration/Fire             5


   Skills:
 + Level 1.0 Fighting
 + Level 1.6 Short Blades
 + Level 3.6 Armour
 + Level 4.6 Dodging
 + Level 2.3 Stealth
 + Level 3.6 Spellcasting
 + Level 3.7 Conjurations
 + Level 5.9 Fire Magic


You had 7 spell levels left.
You knew the following spells:

 Your Spells              Type           Power        Failure   Level  Hunger
a - Flame Tongue          Conj/Fire      #####        2%          1    None
b - Throw Flame           Conj/Fire      #####.       4%          2    ##.....
c - Sticky Flame          Conj/Fire      #####...     28%         4    ####...


Dungeon Overview and Level Annotations

Branches:
Dungeon (7/27)             Temple (0/1) D:6             Orc (0/4) D:6

Altars:
Makhleb
Okawaru


Innate Abilities, Weirdness & Mutations

You have stony skin.
You cover ground slowly.
Your flesh is almost immune to the effects of heat.
Your fire spells are more powerful.
Your flesh is vulnerable to cold.
Your heat harms attackers.
You bathe your surroundings in blazing heat.
You are too hot to use scrolls.
You are very good at protecting items from fire.
You can tolerate rotten meat.


Message History

The phantom is burned by your radiant heat.
The phantom is severely damaged.
The phantom closely misses you.
You hit the phantom but do no damage.
The phantom is severely damaged.
The phantom is burned by your radiant heat.
The phantom is almost destroyed.
The phantom blinks!
The ogre zombie hits you.
* * * LOW HITPOINT WARNING * * *
The ogre zombie appears unharmed.
You hit the ogre zombie. You hit the ogre zombie.
You hit the phantom but do no damage.
The phantom is almost destroyed.
You hit the phantom.
The phantom is almost destroyed.
You're cooling off.
The phantom hits you.
You die...

..............# #..#..###..#
..............# #.#..##
..............# #. ##...
.......≈≈≈....# .. ##.#
......≈≈≈≈≈...##.. ..
.....≈≈≈≈≈≈≈...##. ##
.....§§≈>≈§§... ## # #..
.....≈≈≈≈≈≈≈.. ### Z#$.###.
......≈≈§§≈...##@## Z.......
.......≈§≈....###p## #...#.#.
..............###.Z####.#..##.
>.............##..##.##..#.#)##
..............###....Zp.#.....#
..............# ###z...z.# .#
..............######.###p##.#
..............##.##..#.##$#.#
................#.#.#Z..##Z.#


You could see a phantom and an ogre zombie.

Vanquished Creatures
  A yak (D:6)
  Edmund (D:6)
  A hungry ghost (D:6)
  A phantom (D:6)
  2 ogres
  A gnoll sergeant (D:6)
  A giant frog (D:6)
  2 orc priests
  2 hounds
  An iguana (D:4)
  4 worker ants
  Ijyb (D:4)
  3 ogre zombies (D:6)
  5 gnolls
  10 adders
  2 worms (D:3)
  3 giant geckos (D:1)
  An ooze (D:3)
  9 orcs
  4 giant cockroaches
  10 goblins
  7 hobgoblins
  5 jackals (D:3)
  8 kobolds
  A quokka (D:3)
  3 ball pythons
  8 bats
  3 giant newts
  A kobold skeleton (D:4)
  2 orc skeletons (D:6)
  7 orc zombies (D:6)
  20 rats
130 creatures vanquished.

Notes
Turn   | Place    | Note
--------------------------------------------------------------
     0 | D:1      | BorisCarlOrff, the Lava Orc Fire Elementalist, began the quest for the Orb.
     0 | D:1      | Reached XP level 1. HP: 14/14 MP: 3/3
   103 | D:1      | Reached XP level 2. HP: 8/20 MP: 1/4
   164 | D:1      | Learned a level 2 spell: Throw Flame
   871 | D:2      | Reached XP level 3. HP: 24/26 MP: 1/5
  1032 | D:2      | Found an iron altar of Okawaru.
  1058 | D:2      | Reached skill level 1 in Armour
  1198 | D:2      | Reached XP level 4. HP: 17/33 MP: 1/7
  1873 | D:3      | Reached skill level 4 in Fire Magic
  1939 | D:3      | Found a burning altar of Makhleb.
  1979 | D:3      | Reached XP level 5. HP: 25/38 MP: 1/8
  2776 | D:4      | Learned a level 4 spell: Sticky Flame
  2855 | D:4      | Reached skill level 1 in Short Blades
  2902 | D:4      | Reached XP level 6. HP: 14/45 MP: 1/10
  2949 | D:4      | Noticed Ijyb
  3121 | D:4      | Killed Ijyb
  3155 | D:4      | Got an ancient zirconium amulet
  3377 | D:4      | Identified the cursed amulet "Tucaway" {Faith Str+2 Dex-3} (You found it on level 4 of the Dungeon)
  3476 | D:4      | Noticed an ogre
  3485 | D:4      | Killed an ogre
  3675 | D:5      | Entered Level 5 of the Dungeon
  3726 | D:4      | Reached XP level 7. HP: 8/50 MP: 5/13
  4016 | D:6      | Noticed Edmund
  4027 | D:6      | Killed Edmund
  4027 | D:6      | Reached skill level 5 in Fire Magic
  4193 | D:6      | Found a staircase to the Ecumenical Temple.
  4406 | D:6      | Noticed a yak
  4416 | D:6      | Killed a yak
  4416 | D:6      | Reached XP level 8. HP: 5/57 MP: 10/16
  5031 | D:6      | Found a staircase to the Orcish Mines.
  5077 | D:6      | Reached skill level 1 in Fighting
  5094 | D:6      | HP: 1/58 [ogre zombie (2)]
  5099 | D:6      | Slain by a phantom

Action                   |  1- 3 |  4- 6 |  7- 9 || total
-------------------------+-------+-------+-------++-------
Melee: Unarmed           |     6 |       |       ||     6
       Dagger            |    78 |   209 |   119 ||   406
 Cast: Flame Tongue      |    32 |    53 |    43 ||   128
       Throw Flame       |    13 |    45 |     8 ||    66
       Sticky Flame      |       |     1 |    10 ||    11
  Use: Scroll            |     4 |     9 |     1 ||    14
       Potion            |     1 |     3 |     2 ||     6
 Stab: Sleeping          |       |     2 |       ||     2
